 Dungeon Crawl Stone Soup version 0.17-a0-1420-geb41feb (webtiles) character file.

88 Kisielow the Slasher (level 4, 0/39 HPs)
             Began as a Minotaur Fighter on June 24, 2015.
             Slain by an orc
             ... wielding a +0 mace
              (2 damage)
             ... on level 3 of the Dungeon.
             The game lasted 00:03:40 (2009 turns).

Kisielow the Slasher (Minotaur Fighter)             Turns: 2009, Time: 00:03:40

Health: 0/39       AC:  6    Str: 22    XL:     4   Next: 30%
Magic:  3/3        EV:  7    Int:  5    God:
Gold:   148        SH:  9    Dex:  9    Spells: 0 memorised, 3 levels left

rFire  . . .     SeeInvis .     a - +0 long sword
rCold  . . .     Clarity  .     b - +0 scale mail
rNeg   + . .     SustAt   .     c - +0 shield
rPois  .         Gourm    .     (helmet restricted)
rElec  .         Spirit   .     (no cloak)
rCorr  .         Warding  +     (no gloves)
rMut   .         Stasis   .     (no boots)
MR     .....                    k - amulet of warding
Stlth  ..........               (no ring)
                                (no ring)

@: not resistant to hostile enchantments, extremely unstealthy
A: retaliatory headbutt, horns 2
a: no special abilities


You were on level 3 of the Dungeon.
You were hungry.

You visited 1 branch of the dungeon, and saw 3 of its levels.

You collected 148 gold pieces.

Inventory:

Hand weapons
 a - a +0 long sword (weapon)
Armour
 b - a +0 scale mail (worn)
 c - a +0 shield (worn)
Jewellery
 k - an amulet of warding (around neck)
 n - an uncursed ring of fire
 t - an uncursed amulet of regeneration {unknown}
Scrolls
 g - 2 scrolls of teleportation {unknown}
 i - 2 scrolls of random uselessness {unknown}
 j - a scroll of amnesia {unknown}
 l - 4 scrolls of identify {unknown}
 q - a scroll of recharging {unknown}
Potions
 d - a potion of might
 h - 2 potions of brilliance {unknown}
 m - 3 potions of curing {unknown}
 p - a potion of magic {unknown}
 r - 2 potions of degeneration {unknown}
 s - a potion of mutation {unknown}
Comestibles
 e - 2 bread rations
 f - 4 meat rations
 o - 4 chunks of flesh


   Skills:
 - Level 3.6 Fighting
 + Level 5.6 Long Blades
 - Level 3.6 Armour
 - Level 3.6 Shields


You had 3 spell levels left.
You didn't know any spells.

Dungeon Overview and Level Annotations

Branches:
Dungeon (3/15)

Altars:
Zin


Innate Abilities, Weirdness & Mutations

You reflexively headbutt those who attack you in melee.
You have a pair of horns on your head.


Message History

You block the goblin's attack. The orc hits you with a club.
The orc hits you with a mace. The orc barely misses you.
The orc priest hits you with a flail of protection!
* * * LOW HITPOINT WARNING * * *
The goblin hits you.
* * * LOW HITPOINT WARNING * * *
You hit the orc priest but do no damage.
The orc priest is heavily wounded.
The orc closely misses you. You furiously retaliate!
You headbutt the orc. The orc hits you with a mace.
* * * LOW HITPOINT WARNING * * *
You block the orc's attack. The orc priest completely misses you.
You furiously retaliate!
You headbutt the orc priest, but do no damage.
The goblin hits you but does no damage.
You hit the orc priest but do no damage.
The orc priest is heavily wounded.
You block the orc's attack. x2
The orc hits you with a mace.
You die...

##..#######
#.>......#
########.# #.#
#.#
############'###
#..............#
#.....goo.%....+
#.....o@o.....)#
#..............#
#.............##
#
#.............#
#
#.$...........#
#
#.............#
#
###############
#


You could see an orc priest, 3 orcs and a goblin.

Vanquished Creatures
  4 adders
  A worm (D:2)
  6 bats
  4 goblins
  7 hobgoblins
  8 jackals
  4 giant cockroaches
  A giant gecko (D:3)
  A giant newt (D:1)
  6 kobolds
  8 rats
50 creatures vanquished.

Notes
Turn   | Place    | Note
--------------------------------------------------------------
     0 | D:1      | Kisielow the Minotaur Fighter began the quest for the Orb.
     0 | D:1      | Reached XP level 1. HP: 19/19 MP: 0/0
   216 | D:1      | Reached XP level 2. HP: 26/26 MP: 1/1
   959 | D:2      | Reached skill level 4 in Long Blades
   995 | D:2      | Reached XP level 3. HP: 26/31 MP: 2/2
  1127 | D:2      | Reached skill level 5 in Long Blades
  1576 | D:3      | Reached XP level 4. HP: 28/39 MP: 3/3
  1712 | D:3      | Found a glowing silver altar of Zin.
  2009 | D:3      | Slain by an orc

Vault maps used:
D:1:      dpeg_arrival_castle
D:2:      first_bread
D:3:      minitemple, zin_scriptorium

Action                   |  1- 3 |  4- 6 || total
-------------------------+-------+-------++-------
Melee: Long sword        |   100 |    37 ||   137
  Eat: Chunk             |     2 |     1 ||     3
